 Dungeon Crawl Stone Soup version bcrawl-1.40.3b (webtiles) character file.

Game seed: 14837096310279145015

434764 Valeaz the Cleaver (level 12, -8/113 HPs)
             Began as a Minotaur Fighter on Jan 12, 2024.
             Was the Champion of Okawaru.
             Mangled by an orc high priest
             ... wielding a +0 scimitar
              (13 damage)
             ... in the Orcish Mines.
             The game lasted 00:40:04 (12373 turns).

Valeaz the Cleaver (Minotaur Fighter)              Turns: 12373, Time: 00:40:05

Health: -8/113     AC:  6    Str: 27    XL:     12   Next: 50%
Magic:  0/14       EV:  5    Int:  5    God:    Okawaru [******]
Gold:   1086       SH: 13    Dex:  9    Spells: 11/11 levels left

rFire    . . .     GDR:     31% a - +1 war axe
rCold    . . .     SeeInvis .   c - +1 medium shield
rNeg     + . .     Gourm    .   G - +1 plate armour {rPois}
rPois    +         Faith    .   x - +2 hat of the Bear Spirit {Spirit, +Rage rN+ MR++}
rElec    .         Spirit   +   C - +0 cloak {+Inv}
rCorr    .         Reflect  .   m - +0 pair of gloves
MR       ++...                  k - +0 pair of boots
Stlth    ..........             (no amulet)
HPRegen  0.28/turn              (no ring)
MPRegen  0.14/turn              (no ring)

@: corroded
A: retaliatory headbutt, horns 2
a: Heroism, Finesse, Renounce Religion, Evoke Berserk Rage, Evoke Invisibility


You were in the Orcish Mines.
You worshipped Okawaru.
Okawaru was exalted by your worship.
You were near starving.

You visited 3 branches of the dungeon, and saw 13 of its levels.

You collected 1086 gold pieces.

Inventory:

Hand Weapons
 a - a +1 war axe (weapon)
 u - a +2 great mace of holy wrath
 E - a +4 hand axe
Missiles
 l - 269 poisoned tomahawks (quivered)
Armour
 c - a +1 medium shield (worn)
 k - a +0 pair of boots (worn)
 m - a +0 pair of gloves (worn)
 x - the +2 hat of the Bear Spirit (worn) {Spirit, +Rage rN+ MR++}
   (You found it on level 5 of the Dungeon)

   It protects you from negative energy.
   It affects your resistance to hostile enchantments.
   It lets you go berserk.
 C - a +0 cloak of invisibility (worn)
 G - a +1 plate armour of poison resistance (worn)
Jewellery
 s - an uncursed ring of magical power
Wands
 o - a wand of paralysis (14)
 D - a wand of charming (5)
 F - a wand of flame (8)
Scrolls
 b - a scroll of immolation
 g - 4 scrolls of teleportation
 i - a scroll of identify
 t - 4 scrolls of remove curse
 w - a scroll of amnesia
 y - a scroll of summoning
 z - a scroll of enchant weapon
 B - 2 scrolls of enchant armour
Potions
 d - a potion of might
 f - 2 potions of mutation
 n - 4 potions of flight
 p - 2 potions of lignification
 q - 2 potions of haste
 r - a potion of invisibility
 v - a potion of degeneration
Comestibles
 e - 23 rations {!d}


   Skills:
 + Level 12.7 Fighting
 * Level 13.8 Axes
 + Level 3.5 Throwing
 + Level 11.2 Armour
 - Level 11.0 Shields
 + Level 4.0 Invocations
 - Level 2.0 Evocations


You had 11 spell levels left.
You didn't know any spells.
Your spell library contained the following spells:

 Spells                   Type           Power        Failure   Level  Hunger
 Haunt                    Necr/Summ      #.........   100%        7    #######
 Malign Gateway           Summ/Tloc      #.........   100%        7    #######
 Monstrous Menagerie      Summ           #.........   100%        7    #######
 Spellforged Servitor     Conj/Summ      #.........   100%        7    #######
 Summon Greater Demon     Summ           #.........   100%        7    #######
 Summon Horrible Things   Summ           #.........   100%        8    #######


Dungeon Overview and Level Annotations

Branches:
Dungeon (11/12)            Temple (1/1) D:7            Lair (0/6) D:8
  Slime (0/5) Orc             Orc (1/1) D:9
 Vaults: D:11-12

Altars:
Ashenzari
Cheibriados
Dithmenos
Elyvilon
Fedhas
Gozag
Hepliaklqana
Kikubaaqudgha
Lugonu
Makhleb
Nemelex Xobeh
Okawaru
Qazlal
Ru
Sif Muna
Trog
Uskayaw
Vehumet
Wu Jian
Xom
Yredelemnul
Zin
The Shining One
Jiyva

Shops:
Orc (}

Annotations:
D:8 3 runed translucent doors, foxfromabyss's ghost, novice DDBe


Innate Abilities, Weirdness & Mutations

You reflexively headbutt those who attack you in melee.
You have a pair of horns on your head.


Message History

The orc high priest hits you with a +0 scimitar!
* * * LOW HITPOINT WARNING * * *
Okay, then.
You closely miss the orc high priest. You headbutt the orc high priest.
The orc high priest is almost dead.
You hit the rust devil but do no damage.
The rust devil hits you. The rust devil corrodes you!
You closely miss the orc high priest.
The orc high priest is almost dead.
You barely miss the rust devil.
The orc high priest hits you with a +0 scimitar.
* * * LOW HITPOINT WARNING * * *
The rust devil hits you.
* * * LOW HITPOINT WARNING * * *
The rust devil corrodes you!
Your shield and plate armour prevent you from hitting the orc high priest.
The orc high priest is almost dead.
You closely miss the rust devil.
The orc high priest hits you with a +0 scimitar!
You die...

...#..#....##...## .o.
.....∩.....#.....# #[#
.8...∩#....#.....# #.#
.8..^##.#..#.....###'###
#..).#...#.#....##.....#
..8.#....#.....###.....#
8.............####..#..#
8......#......#.#o4.#.....
8.##............@4C.#.....#
.......#..##.###########.##
.........#...# ..#
..#..........# .#
.......##.#.##
.#.#.######## ####


You could see an orc high priest, a cyclops, an ice devil and a rust devil.

Vanquished Creatures
  A two-headed ogre (D:9)
  An orc high priest (Orc)
  3 skeletal warriors
  2 wolf spider zombies
  A cyclops (Orc)
  9 orc knights (Orc)
  2 orc sorcerers (Orc)
  A freezing wraith (D:10)
  Maurice (D:9)
  6 trolls
  A hornet (D:6)
  3 saltlings (Orc)
  A slime creature (Orc)
  4 hippogriffs
  A meliai zombie (D:10)
  9 yaks
  3 wargs (Orc)
  An acid dragon (D:10)
  A crocodile (D:10)
  2 water moccasins
  2 ice beasts
  A swamp drake (D:9)
  18 orc warriors
  3 sky beasts
  3 phantoms
  A necrophage (D:7)
  6 ogres
  A wolf (D:8)
  5 bullfrogs
  A kobold brigand (D:8)
  2 centaurs
  2 scorpions
  7 wights
  9 orc priests
  4 electric eels (D:8)
  11 crimson imps
  A bullfrog zombie (D:6)
  4 bullfrog skeletons
  9 jellies
  A gnoll shaman (D:8)
  8 hounds
  10 orc wizards
  Jessica (D:2)
  Ijyb (D:3)
  2 iguanas
  5 worker ants
  A hound zombie (D:6)
  Robin (D:3)
  A howler monkey zombie (D:6)
  11 gnolls
  A howler monkey skeleton (D:5)
  8 adders
  A shadow imp (D:5)
  7 oozes
  2 adder zombies
  An adder skeleton (D:6)
  A worm (D:4)
  2 dart slugs (D:1)
  5 leopard geckos
  65 orcs
  A bat (D:1)
  4 giant cockroaches
  8 goblins
  8 hobgoblins
  2 jackals
  A quokka (D:7)
  A ball python (D:1)
  8 frilled lizards
  9 kobolds
  3 rats
  3 pillars of salt (Orc)
326 creatures vanquished.

Vanquished Creatures (others)
  3 orcs (D:10)
  3 jackals (D:8)
  A pillar of salt (Orc)
7 creatures vanquished.

Grand Total: 333 creatures vanquished

Notes
Turn   | Place    | Note
-------+----------+-------------------------------------------
     0 | D:1      | Valeaz the Minotaur Fighter began the quest for the Orb.
     0 | D:1      | Reached XP level 1. HP: 19/19 MP: 0/0
   392 | D:1      | Reached XP level 2. HP: 27/27 MP: 1/1
   560 | D:2      | Found a snail-covered altar of Cheibriados.
   727 | D:2      | Noticed Jessica
   730 | D:2      | Killed Jessica
   731 | D:2      | Reached skill level 3 in Axes
   731 | D:2      | Reached XP level 3. HP: 34/34 MP: 2/2
   875 | D:2      | Found a basalt altar of Yredelemnul.
  1203 | D:2      | Reached XP level 4. HP: 27/41 MP: 3/3
  1349 | D:2      | Found a hide-covered altar of Uskayaw.
  1751 | D:3      | Reached skill level 5 in Fighting
  1775 | D:3      | Noticed Ijyb
  1930 | D:3      | Killed Ijyb
  1931 | D:3      | Reached XP level 5. HP: 25/48 MP: 4/4
  2026 | D:3      | Found a radiant altar of Vehumet.
  2054 | D:3      | Noticed Robin
  2068 | D:3      | Killed Robin
  2526 | D:4      | Noticed a phantom
  2559 | D:4      | Killed a phantom
  2560 | D:4      | Reached skill level 4 in Axes
  2560 | D:4      | Reached XP level 6. HP: 37/57 MP: 5/5
  2634 | D:4      | Found a glowing silver altar of Zin.
  2665 | D:4      | Reached skill level 5 in Shields
  2755 | D:4      | Reached skill level 5 in Armour
  2759 | D:4      | Noticed a sky beast
  2836 | D:4      | Killed a sky beast
  2837 | D:4      | Reached XP level 7. HP: 23/64 MP: 6/6
  3162 | D:4      | Reached skill level 1 in Throwing
  3429 | D:5      | Entered Level 5 of the Dungeon
  3479 | D:5      | Reached skill level 5 in Axes
  3765 | D:5      | Found the +2 hat of the Bear Spirit {Spirit, +Rage rN+
                  | MR++}
  3775 | D:5      | Reached XP level 8. HP: 62/74 MP: 7/7
  4173 | D:5      | Got a bound silver ring
  4182 | D:5      | Identified the cursed ring of Raavveff {rF+ Stlth--} (You
                  | found it on level 5 of the Dungeon)
  4361 | D:6      | Noticed a troll
  4376 | D:6      | Killed a troll
  4597 | D:6      | Reached skill level 6 in Axes
  4634 | D:6      | Found a shadowy altar of Dithmenos.
  4638 | D:6      | Noticed a hornet
  4653 | D:6      | Killed a hornet
  4944 | D:6      | Reached XP level 9. HP: 83/84 MP: 6/8
  5174 | D:6      | Found a blossoming altar of Fedhas.
  5379 | D:7      | Noticed a troll
  5387 | D:7      | Killed a troll
  5388 | D:7      | Reached skill level 7 in Axes
  5461 | D:7      | Found a staircase to the Ecumenical Temple.
  5471 | Temple   | Entered the Ecumenical Temple
  5580 | Temple   | Became a worshipper of Warmaster Okawaru
  5726 | D:7      | Reached skill level 10 in Fighting
  5829 | D:7      | Found a glowing golden altar of the Shining One.
  5947 | D:7      | Reached skill level 8 in Axes
  6246 | D:8      | Noticed a troll
  6252 | D:8      | Killed a troll
  6252 | D:8      | Reached * piety under Okawaru
  6383 | D:8      | Noticed a troll
  6407 | D:8      | Killed a troll
  6443 | D:8      | Reached skill level 9 in Axes
  6566 | D:8      | Found a staircase to the Lair.
  6588 | D:8      | Reached XP level 10. HP: 63/94 MP: 9/9
  6590 | D:8      | Reached ** piety under Okawaru
  6937 | D:8      | HP: 2/94 [electric eel/bolt of electricity (9)]
  7137 | D:8      | Found a runed translucent gate.
  7137 | D:8      | Found a runed translucent gate.
  7137 | D:8      | Found a runed translucent gate.
  7140 | D:8      | Noticed foxfromabyss's ghost (novice DDBe)
  7510 | D:8      | Found an ornate altar of the Wu Jian Council.
  7685 | D:9      | Noticed Maurice
  7702 | D:9      | Killed Maurice
  7789 | D:9      | Reached skill level 10 in Axes
  7789 | D:9      | Reached skill level 1 in Invocations
  7805 | D:9      | Noticed a two-headed ogre
  7813 | D:9      | Killed a two-headed ogre
  7813 | D:9      | Reached *** piety under Okawaru
  8255 | D:9      | Found a staircase to the Orcish Mines.
  8273 | D:9      | Reached **** piety under Okawaru
  8425 | D:9      | Reached skill level 11 in Axes
  8904 | D:9      | Reached XP level 11. HP: 102/102 MP: 12/12
  9108 | D:10     | Entered Level 10 of the Dungeon
  9108 | D:10     | Noticed a skeletal warrior
  9109 | D:10     | Noticed a skeletal warrior
  9110 | D:10     | Noticed a skeletal warrior
  9140 | D:9      | Killed a skeletal warrior
  9232 | D:9      | Killed a skeletal warrior
  9274 | D:10     | Killed a skeletal warrior
  9274 | D:10     | Reached ***** piety under Okawaru
  9320 | D:10     | Reached skill level 10 in Shields
  9381 | D:10     | Reached skill level 10 in Armour
  9840 | D:10     | Reached skill level 12 in Axes
 10123 | D:10     | Found a viscous altar of Jiyva.
 10261 | D:11     | Noticed a deep elf mage
 10406 | D:11     | Noticed a five-headed hydra
 10451 | Orc      | Entered the Orcish Mines
 10579 | Orc      | Found a viscous altar of Jiyva.
 10580 | Orc      | Found a staircase to the Slime Pits.
 10660 | Orc      | Noticed an orc knight
 10735 | Orc      | Killed an orc knight
 11067 | Orc      | Found Qiopoun's Weapon Shoppe.
 11077 | Orc      | Found Verod's Gadget Emporium.
 11274 | Orc      | Noticed an orc high priest
 11291 | Orc      | Killed an orc high priest
 11291 | Orc      | Reached ****** piety under Okawaru
 11291 | Orc      | Received a gift from Okawaru
 11292 | Orc      | Reached skill level 13 in Axes
 11332 | Orc      | Reached XP level 12. HP: 102/113 MP: 11/13
 11603 | Orc      | Found a roughly hewn altar of Beogh.
 11991 | Orc      | Reached skill level 1 in Evocations
 12261 | Orc      | Noticed an orc high priest
 12372 | Orc      | HP: 4/113 [rust devil[an orc high priest] (6)]
 12373 | Orc      | Mangled by an orc high priest

Skill      XL: |  1  2  3  4  5  6  7  8  9 10 11 12 |
---------------+-------------------------------------+-----
Fighting       | 4 5 6 7 9 10 11 12 | 12.7
Axes           | 3 4 5 6 9 11 13 | 13.8
Armour         | 4 5 6 7 8 9 10 11 | 11.2
Shields        | 4 5 6 7 8 9 10 11 | 11.0
Throwing       | 1 2 3 |  3.5
Invocations    | 2 3 4 |  4.0
Evocations     | 2 |  2.0

Action                   |  1- 3 |  4- 6 |  7- 9 | 10-12 || total
-------------------------+-------+-------+-------+-------++-------
Melee: War axe           |    93 |   125 |   278 |   680 ||  1176
       Headbutt          |     9 |    17 |    42 |   111 ||   179
       Unarmed           |       |    17 |       |       ||    17
Throw: Tomahawk          |       |       |    38 |    79 ||   117
       Throwing net      |       |       |       |     2 ||     2
Invok: Heroism           |       |       |     1 |     5 ||     6
       Finesse           |       |       |       |     1 ||     1
 Abil: Evoke Berserk Rag |       |       |     3 |       ||     3
Evoke: Wand              |       |       |       |     1 ||     1
  Use: Scroll            |     1 |       |    12 |     3 ||    16
       Potion            |       |       |       |     8 ||     8
 Stab: Held in net/web   |       |       |       |     1 ||     1
  Eat: Chunk             |     4 |     8 |    10 |    24 ||    46
       Ration            |       |     1 |     4 |     4 ||     9
Armor: Scale mail        |    50 |     3 |       |       ||    53
       Chain mail        |       |    54 |   178 |    83 ||   315
       Skin              |       |     5 |       |       ||     5
       Plate armour      |       |       |       |   186 ||   186
Dodge: Dodged            |    19 |    38 |    56 |    72 ||   185
Block: Medium shield     |    51 |    69 |   206 |   352 ||   678
